 Dungeon Sprint DCSS version 0.25.1-2-g60ff931df9 (webtiles) character file.

Game seed: 13634941462293393998

1222 MordorOrchid the Archer (level 8, -10/68 HPs)
             Began as a Gnoll Wanderer on Oct 25, 2020.
             Was a Priest of Sif Muna.
             Killed from afar by an efreet (19 damage)
             ... with a bolt of fire
             ... in the Dungeon (Sprint IX: "|||||||||||||||||||||||||||||").
             The game lasted 00:04:31 (432 turns).

MordorOrchid the Archer (Gnoll Wanderer)             Turns: 432, Time: 00:04:31

Health: -10/68     AC: 11    Str: 16    XL:     8   Next: 47%
Magic:  18/18      EV: 14    Int: 18    God:    Sif Muna [***...]
Gold:   0          SH:  0    Dex: 15    Spells: 20/21 levels left

rFire    . . .     SeeInvis .   p - +2 halberd (protect)
rCold    . . .     Gourm    .   (shield currently unavailable)
rNeg     . . .     Faith    .   r - +2 ring mail
rPois    .         Spirit   .   o - +0 helmet
rElec    .         Reflect  .   (no cloak)
rCorr    .         Harm     .   (no gloves)
MR       .....     NoTele   +   (no boots)
Stlth    +++.......             (no amulet)
HPRegen  0.21/turn              c - +2 ring of protection
MPRegen  0.16/turn              s - +3 ring of strength

@: berserk cooldown, slowed, very slow
A: distributed training, fangs 1, strong nose
a: Channel Magic, Forget Spell, Renounce Religion


You were in the Dungeon.
You worshipped Sif Muna.
Sif Muna was most pleased with you.
You were not hungry.

You visited 1 branch

Inventory:

Hand Weapons
 a - a +0 dagger
 n - a +1 broad axe of freezing
 p - a +2 halberd of protection (weapon)
 q - a +2 scimitar of holy wrath
 y - a +2 rapier of draining
Armour
 o - a +0 helmet (worn)
 r - a +2 ring mail (worn)
Magical Staves
 m - an uncursed staff of energy
Jewellery
 c - a +2 ring of protection (left hand)
 s - a +3 ring of strength (right hand)
Wands
 l - a wand of iceblast (7)
Scrolls
 d - 3 scrolls of remove curse
 h - 2 scrolls of amnesia
 k - 2 scrolls of blinking
Potions
 e - 5 potions of curing
 g - a potion of heal wounds
 i - 4 potions of magic
Comestibles
 b - 3 chunks of flesh
 f - a ration


   Skills:
 + Level 8.0 Fighting
 + Level 6.4 Short Blades
 + Level 6.4 Long Blades
 + Level 6.4 Axes
 + Level 6.4 Maces & Flails
 + Level 6.4 Polearms
 + Level 6.4 Staves
 + Level 6.4 Slings
 + Level 8.0 Bows
 + Level 6.4 Crossbows
 + Level 6.4 Throwing
 + Level 7.0 Armour
 + Level 6.4 Dodging
 + Level 6.4 Stealth
 + Level 7.0 Shields
 + Level 6.4 Unarmed Combat
 + Level 7.1 Spellcasting
 + Level 5.3 Conjurations
 + Level 5.3 Hexes
 + Level 5.3 Charms
 + Level 5.3 Summonings
 + Level 5.3 Necromancy
 + Level 5.3 Translocations
 + Level 5.8 Transmutations
 + Level 5.3 Fire Magic
 + Level 5.3 Ice Magic
 + Level 5.3 Air Magic
 + Level 5.8 Earth Magic
 + Level 5.3 Poison Magic
 + Level 7.0 Invocations
 + Level 7.0 Evocations


You had 20 spell levels left.
You knew the following spells:

 Your Spells              Type           Power        Failure   Level  Hunger
a - Sandblast             Erth           ####..       1%          1    None

Your spell library contained the following spells:

 Spells                   Type           Power        Failure   Level  Hunger
 Magic Dart               Conj           ####         1%          1    None
 Blink                    Tloc           N/A          3%          2    None
 Call Imp                 Summ           ####....     3%          2    None
 Slow                     Hex            ####....     3%          2    None
 Stone Arrow              Conj/Erth      ####..       5%          3    ##.....
 Conjure Flame            Conj/Fire      ####....     6%          3    ##.....
 Mephitic Cloud           Conj/Pois/Air  ####....     6%          3    ##.....


Dungeon Overview and Level Annotations

Branches:
Dungeon (1/1)

Altars:
Cheibriados
Dithmenos
Elyvilon
Fedhas
Gozag
Hepliaklqana
Kikubaaqudgha
Makhleb
Nemelex Xobeh
Okawaru
Qazlal
Ru
Sif Muna
Trog
Uskayaw
Vehumet
Wu Jian
Xom
Yredelemnul
Zin
The Shining One
Beogh
Jiyva
Lugonu


Innate Abilities, Weirdness & Mutations

Your experience applies equally to all skills.
You have very sharp teeth.
Your uncanny sense of smell can sniff out nearby items.


Message History

* * * LOW HITPOINT WARNING * * *
The efreet hits you with a +3 scimitar of flaming.
* * * LOW HITPOINT WARNING * * *
The efreet burns you.
* * * LOW HITPOINT WARNING * * *
You feel much better. The efreet closely misses you.
You hit the efreet.
Your weapon exudes an aura of protection.
The efreet is almost dead.
The efreet hits you but does no damage.
Unknown command.
Your ring mail prevents you from hitting the efreet.
The efreet is almost dead.
The efreet hits you with a +3 scimitar of flaming!
* * * LOW HITPOINT WARNING * * *
The efreet burns you.
* * * LOW HITPOINT WARNING * * *
The efreet gestures at you. The bolt of fire hits you!!
You die...

▓▓▓▓▓▓▓▓▓▓▓▓▓▓▓▓▓▓▓▓▓▓▓▓▓▓▓▓▓
R.R...'..))R@'..[[.)...'_____
▓▓▓▓▓▓▓▓▓▓▓▓▓▓▓▓▓▓▓▓▓▓▓▓▓▓▓▓▓
∆∆∆∆ ∆ ∆∆∆∆


You could see an efreet.

Vanquished Creatures
  A catoblepas (D)
  A phantom (D)
  An ogre (D)
  An orc warrior (D)
  4 bullfrogs (D)
  A hound (D)
  A shadow imp (D)
  An adder zombie (D)
  An adder skeleton (D)
  A leopard gecko (D)
  An orc (D)
  2 bats (D)
  A giant cockroach (D)
  A jackal (D)
  A frilled lizard (D)
  A kobold (D)
20 creatures vanquished.

Vanquished Creatures (others)
  A bat zombie (D)
1 creature vanquished.

Grand Total: 21 creatures vanquished

Notes
Turn   | Place    | Note
-------+----------+-------------------------------------------
     0 | D        | MordorOrchid the Gnoll Wanderer began the quest for the
                  | Orb.
     0 | D        | MordorOrchid set off with the following items: a +0 dagger,
                  | a +0 robe, a potion of curing, a ration, a potion of heal
                  | wounds, a potion of haste, 2 potions of magic, a potion of
                  | berserk rage, a scroll of blinking; and the following
                  | spells available to memorise: Sandblast, Magic Dart, Blink,
                  | Call Imp, Slow, Stone Arrow, Conjure Flame, Mephitic Cloud
     0 | D        | Reached XP level 1. HP: 20/20 MP: 4/4
     2 | D        | Learned a level 1 spell: Sandblast
    26 | D        | Reached skill level 1 in Invocations
    52 | D        | Noticed a hound
    61 | D        | Killed a hound
    61 | D        | Reached skill level 5 in Fighting
    61 | D        | Reached skill level 1 in Short Blades
    61 | D        | Reached skill level 1 in Long Blades
    61 | D        | Reached skill level 1 in Axes
    61 | D        | Reached skill level 1 in Maces & Flails
    61 | D        | Reached skill level 1 in Polearms
    61 | D        | Reached skill level 1 in Staves
    61 | D        | Reached skill level 1 in Slings
    61 | D        | Reached skill level 5 in Bows
    61 | D        | Reached skill level 1 in Crossbows
    61 | D        | Reached skill level 1 in Throwing
    61 | D        | Reached skill level 1 in Dodging
    61 | D        | Reached skill level 1 in Stealth
    61 | D        | Reached skill level 1 in Unarmed Combat
    61 | D        | Reached skill level 1 in Conjurations
    61 | D        | Reached skill level 1 in Hexes
    61 | D        | Reached skill level 1 in Charms
    61 | D        | Reached skill level 1 in Summonings
    61 | D        | Reached skill level 1 in Necromancy
    61 | D        | Reached skill level 1 in Translocations
    61 | D        | Reached skill level 1 in Fire Magic
    61 | D        | Reached skill level 1 in Ice Magic
    61 | D        | Reached skill level 1 in Air Magic
    61 | D        | Reached skill level 1 in Poison Magic
    61 | D        | Reached XP level 2. HP: 24/27 MP: 1/6
    61 | D        | Reached XP level 3. HP: 30/33 MP: 1/7
   104 | D        | Found a roughly hewn altar of Beogh.
   104 | D        | Found a snail-covered altar of Cheibriados.
   104 | D        | Found a shadowy altar of Dithmenos.
   104 | D        | Found a white marble altar of Elyvilon.
   104 | D        | Found a blossoming altar of Fedhas.
   104 | D        | Found an opulent altar of Gozag.
   105 | D        | Found a hazy altar of Hepliaklqana.
   106 | D        | Found a viscous altar of Jiyva.
   107 | D        | Found an ancient bone altar of Kikubaaqudgha.
   108 | D        | Found a corrupted altar of Lugonu.
   109 | D        | Found a burning altar of Makhleb.
   110 | D        | Found a sparkling altar of Nemelex Xobeh.
   111 | D        | Found an iron altar of Okawaru.
   112 | D        | Found a stormy altar of Qazlal.
   113 | D        | Found a sacrificial altar of Ru.
   114 | D        | Found a shimmering blue altar of Sif Muna.
   115 | D        | Found a bloodstained altar of Trog.
   116 | D        | Found a hide-covered altar of Uskayaw.
   117 | D        | Found a radiant altar of Vehumet.
   118 | D        | Found an ornate altar of the Wu Jian Council.
   119 | D        | Found a shimmering altar of Xom.
   120 | D        | Found a basalt altar of Yredelemnul.
   121 | D        | Found a glowing silver altar of Zin.
   122 | D        | Became a worshipper of Sif Muna the Loreminder
   123 | D        | Found a glowing golden altar of the Shining One.
   233 | D        | Noticed a bullfrog
   233 | D        | Noticed a phantom
   233 | D        | Noticed an ogre
   233 | D        | Noticed an orc warrior
   233 | D        | Noticed a bullfrog
   233 | D        | Noticed a bullfrog
   239 | D        | Killed a bullfrog
   239 | D        | Reached XP level 4. HP: 38/39 MP: 10/10
   244 | D        | Killed a bullfrog
   244 | D        | Reached XP level 5. HP: 40/46 MP: 11/11
   247 | D        | Killed an orc warrior
   247 | D        | Reached * piety under Sif Muna
   247 | D        | Reached skill level 5 in Armour
   247 | D        | Reached skill level 5 in Shields
   247 | D        | Reached skill level 5 in Spellcasting
   247 | D        | Reached skill level 5 in Evocations
   247 | D        | Reached XP level 6. HP: 46/52 MP: 11/13
   252 | D        | Reached skill level 5 in Invocations
   271 | D        | Killed a phantom
   271 | D        | Reached ** piety under Sif Muna
   271 | D        | Reached skill level 5 in Short Blades
   271 | D        | Reached skill level 5 in Long Blades
   271 | D        | Reached skill level 5 in Axes
   271 | D        | Reached skill level 5 in Maces & Flails
   271 | D        | Reached skill level 5 in Polearms
   271 | D        | Reached skill level 5 in Staves
   271 | D        | Reached skill level 5 in Slings
   271 | D        | Reached skill level 5 in Crossbows
   271 | D        | Reached skill level 5 in Throwing
   271 | D        | Reached skill level 5 in Dodging
   271 | D        | Reached skill level 5 in Stealth
   271 | D        | Reached skill level 5 in Unarmed Combat
   271 | D        | Reached XP level 7. HP: 35/60 MP: 15/15
   372 | D        | Noticed an efreet
   372 | D        | Noticed a catoblepas
   404 | D        | Killed a catoblepas
   404 | D        | Reached skill level 5 in Conjurations
   404 | D        | Reached skill level 5 in Hexes
   404 | D        | Reached skill level 5 in Charms
   404 | D        | Reached skill level 5 in Summonings
   404 | D        | Reached skill level 5 in Necromancy
   404 | D        | Reached skill level 5 in Translocations
   404 | D        | Reached skill level 5 in Transmutations
   404 | D        | Reached skill level 5 in Fire Magic
   404 | D        | Reached skill level 5 in Ice Magic
   404 | D        | Reached skill level 5 in Air Magic
   404 | D        | Reached skill level 5 in Earth Magic
   404 | D        | Reached skill level 5 in Poison Magic
   404 | D        | Reached XP level 8. HP: 68/68 MP: 15/18
   415 | D        | Reached *** piety under Sif Muna
   432 | D        | Killed from afar by an efreet

Illustrated notes

Levels and vault maps discovered:
D:        linesprint [early_d, line_temple, items_1, d_10, items_2, lair_1,
          lair_end, items_3, orc_1, orc_end, items_4, d_15, swamp_1, shoals_1,
          snake_1, spider_1, d_20, vaults_1, items_5, swamp_end, shoals_end,
          snake_end, spider_end, vaults_end, d_27, items_6, zot_1, zot_end,
          crypt_end, forest_end, elf_end, slime_end, tomb_end, abyss_end,
          pan_hell_end]

Skill      XL: |  1  2  3  4  5  6  7  8 |
---------------+-------------------------+-----
Transmutations | 2 3 4 5 |  5.8
Earth Magic    | 2 3 4 5 |  5.8
Invocations    | 2 3 4 5 7 |  7.0
Fighting       | 5 6 7 8 |  8.0
Short Blades   | 1 3 4 5 6 |  6.4
Long Blades    | 1 3 4 5 6 |  6.4
Axes           | 1 3 4 5 6 |  6.4
Maces & Flails | 1 3 4 5 6 |  6.4
Polearms       | 1 3 4 5 6 |  6.4
Staves         | 1 3 4 5 6 |  6.4
Slings         | 1 3 4 5 6 |  6.4
Bows           | 5 6 7 8 |  8.0
Crossbows      | 1 3 4 5 6 |  6.4
Throwing       | 1 3 4 5 6 |  6.4
Armour         | 3 4 5 6 7 |  7.0
Dodging        | 1 3 4 5 6 |  6.4
Stealth        | 1 3 4 5 6 |  6.4
Shields        | 3 4 5 6 7 |  7.0
Unarmed Combat | 1 3 4 5 6 |  6.4
Spellcasting   | 3 4 5 7 |  7.1
Conjurations   | 1 2 3 4 5 |  5.3
Hexes          | 1 2 3 4 5 |  5.3
Charms         | 1 2 3 4 5 |  5.3
Summonings     | 1 2 3 4 5 |  5.3
Necromancy     | 1 2 3 4 5 |  5.3
Translocations | 1 2 3 4 5 |  5.3
Fire Magic     | 1 2 3 4 5 |  5.3
Ice Magic      | 1 2 3 4 5 |  5.3
Air Magic      | 1 2 3 4 5 |  5.3
Poison Magic   | 1 2 3 4 5 |  5.3
Evocations     | 3 4 5 6 7 |  7.0

Action                   |  1- 3 |  4- 6 |  7- 9 || total
-------------------------+-------+-------+-------++-------
Melee: Dagger            |    62 |       |       ||    62
       Bite              |     5 |     2 |     2 ||     9
       Rapier            |     5 |    28 |       ||    33
       Halberd           |       |       |    20 ||    20
 Cast: Sandblast         |     3 |       |       ||     3
Evoke: Wand              |       |       |     3 ||     3
  Use: Potion            |     2 |       |     3 ||     5
 Stab: Invisible         |     1 |     2 |       ||     3
       Sleeping          |     1 |       |       ||     1
Armor: Robe              |    15 |       |       ||    15
       Ring mail         |       |     7 |    14 ||    21
Dodge: Dodged            |    32 |    22 |    20 ||    74
